 Dungeon Crawl Stone Soup version 0.18.1-48-g4cf74bf (webtiles) character file.

2009 theElss the Blocker (level 9, -1/51 HPs)
             Began as a High Elf Conjurer on Aug 29, 2016.
             Was an Initiate of Vehumet.
             Slain by a spriggan
             ... wielding a +0 rapier
              (11 damage)
             ... on level 6 of the Dungeon.
             The game lasted 00:35:57 (8479 turns).

theElss the Blocker (High Elf Conjurer)             Turns: 8479, Time: 00:35:58

Health: -1/51      AC:  7    Str:  9    XL:     9   Next: 2%
Magic:  3/18       EV: 13    Int: 22    God:    Vehumet [......]
Gold:   257        SH: 14    Dex: 22    Spells: 4 memorised, 7 levels left

rFire  + . .     SeeInvis .     D - +2 whip (venom)
rCold  . . .     Gourm    .     a - +0 robe
rNeg   . . .     Faith    .     I - +3 shield of Prudence {rF+ Dex+7}
rPois  .         Spirit   .     l - +0 helmet
rElec  .         Dismiss  +     w - +0 cloak
rCorr  +         Reflect  .     t - +2 pair of gloves {archery}
SustAt +         Harm     .     (no boots)
MR     .....                    j - amulet of dismissal
Stlth  +++.......               v - ring of resist corrosion
                                g - ring of sustain attributes

@: very slightly contaminated, not resistant to hostile enchantments, fairly
stealthy
A: no striking features
a: Renounce Religion


You were on level 6 of the Dungeon.
You worshipped Vehumet.
Vehumet was noncommittal.
You were hungry.

You visited 2 branches of the dungeon, and saw 7 of its levels.

You collected 257 gold pieces.

Inventory:

Hand Weapons
 D - a +2 whip of venom (weapon)
Armour
 a - a +0 robe (worn)
 l - a +0 helmet (worn)
 t - a +2 pair of gloves of archery (worn)
 w - a +0 cloak (worn)
 I - the +3 shield of Prudence (worn) {rF+ Dex+7}
   (You found it on level 4 of the Dungeon)

   It affects your dexterity (+7).
   It protects you from fire.
 K - a +0 robe of cold resistance
Jewellery
 g - a ring of sustain attributes (left hand)
 j - an amulet of dismissal (around neck)
 v - a ring of resist corrosion (right hand)
Wands
 E - a wand of slowing (15/48)
 J - a wand of iceblast (12/15)
 L - a wand of digging (16/24)
Scrolls
 d - 4 scrolls of remove curse
 h - 3 scrolls of blinking {unknown}
 n - 3 scrolls of teleportation {unknown}
 o - 2 scrolls of noise {unknown}
 x - 2 scrolls of fog {unknown}
 y - a scroll of amnesia {unknown}
 C - a scroll of enchant armour {unknown}
 G - a scroll of immolation {unknown}
 H - 4 scrolls of random uselessness {unknown}
Potions
 e - 2 potions of brilliance
 i - 4 potions of berserk rage
 k - 4 potions of curing
 m - a potion of resistance
 p - a potion of degeneration
 q - a potion of lignification
 u - 3 potions of cure mutation
 A - a potion of magic
 F - a potion of cancellation {unknown}
 M - a potion of flight {unknown}
Books
 b - a book of Conjurations

   Spells                             Type                      Level
   a - Magic Dart                     Conjuration                  1
   b - Searing Ray                    Conjuration                  2
   c - Dazzling Spray                 Conjuration/Hexes            3
   d - Fulminant Prism                Conjuration/Hexes            4
   e - Iskenderun's Mystic Blast      Conjuration                  4
   f - Iskenderun's Battlesphere      Conjuration/Charms           5
 N - a book of Summonings

   Spells                             Type                      Level
   a - Recall                         Summoning/Translocation      3
   b - Aura of Abjuration             Summoning                    5
   c - Summon Demon                   Summoning                    5
   d - Summon Forest                  Summoning/Translocation      5
   e - Summon Mana Viper              Hexes/Summoning              5
   f - Shadow Creatures               Summoning                    6
Comestibles
 c - 5 bread rations
 f - 5 meat rations
 r - a chunk of flesh
 s - 2 slices of pizza
 z - 2 fruits
 B - 2 beef jerkies


   Skills:
 - Level 0.2 Fighting
 - Level 3.1 Dodging
 - Level 2.2 Stealth
 * Level 8.1 Shields
 - Level 5.5 Spellcasting
 - Level 7.8 Conjurations


You had 7 spell levels left.
You knew the following spells:

 Your Spells              Type           Power        Failure   Level  Hunger
a - Magic Dart            Conj           ####         1%          1    None
b - Iskenderun's Battles  Conj/Chrm      ###.....     97%         5    #####..
c - Searing Ray           Conj           #####.       1%          2    None
d - Iskenderun's Mystic   Conj           #####...     12%         4    ####...


Dungeon Overview and Level Annotations

Branches:
Dungeon (6/15)             Temple (1/1) D:5

Altars:
Ashenzari
Cheibriados
Elyvilon
Kikubaaqudgha
Makhleb
Nemelex Xobeh
Okawaru
Pakellas
Qazlal
Ru
Sif Muna
Trog
Vehumet
Xom
Yredelemnul
Zin


Message History

Aim: a spriggan, wielding a rapier, wearing a robe and wearing a buckler (severely wounded)
The magic dart hits the spriggan.
The spriggan is almost dead.
The spriggan hits you with a rapier!
* * * LOW HITPOINT WARNING * * *
The spriggan completely misses you.
Casting: Magic Dart
Confirm with . or Enter, or press ? or * to list all spells.
Aiming: Magic Dart
Press: ? - help, Shift-Dir - straight line, f/p - spriggan
Aim: a spriggan, wielding a rapier, wearing a robe and wearing a buckler (almost dead)
The magic dart hits the spriggan.
The spriggan is almost dead.
You are feeling hungry.
The spriggan hits you but does no damage.
The spriggan closely misses you.
Things that are here:
a dagger; a robe The spriggan hits you with a rapier!
You die...

♣♣.♣ ♣♣.♣♣ ♣.♣♣ # ♣.♣ ..
# ♣.♣ .# # ♣.♣ .# ## #
♣i♣ ##.# ####. ♣♣i♣ #..
####.... ♣♣@♣♣
#.###....### ♣.♣♣
##.....####
##..########.#####...####
.......))).).......###
####################


You could see 2 spriggans.

Vanquished Creatures
  Sigmund (D:5)
  A spriggan (D:6)
  3 ogres
  A phantom (D:6)
  A centaur (D:6)
  A giant frog (D:5)
  3 scorpions
  A howler monkey (D:4)
  A crimson imp (D:5)
  A gnoll shaman (D:4)
  A centaur zombie (D:5)
  2 centaur skeletons (D:5)
  2 hounds
  A jelly (D:5)
  3 orc priests
  Crazy Yiuf (D:5)
  9 orc wizards
  2 worker ants
  14 gnolls
  5 adders
  2 oozes (D:3)
  A worm (D:3)
  A dart slug (D:4)
  9 giant geckos
  27 orcs
  A ball python (D:2)
  12 giant cockroaches
  13 goblins
  11 hobgoblins
  12 jackals
  2 quokkas
  9 bats
  8 giant newts
  10 kobolds
  2 quokka skeletons
  A quokka zombie (D:5)
  6 rats
  A fungus (D:5)
182 creatures vanquished.

Notes
Turn   | Place    | Note
--------------------------------------------------------------
     0 | D:1      | theElss the High Elf Conjurer began the quest for the Orb.
     0 | D:1      | Reached XP level 1. HP: 11/11 MP: 4/4
   343 | D:1      | Reached XP level 2. HP: 17/17 MP: 3/6
   701 | D:1      | Reached skill level 5 in Conjurations
   705 | D:1      | Learned a level 2 spell: Searing Ray
  1000 | D:1      | Reached XP level 3. HP: 21/21 MP: 6/8
  1764 | D:2      | Reached XP level 4. HP: 27/27 MP: 4/9
  1811 | D:2      | Learned a level 4 spell: Iskenderun's Mystic Blast
  2370 | D:3      | Reached XP level 5. HP: 29/31 MP: 5/11
  3562 | D:3      | Reached XP level 6. HP: 36/36 MP: 4/13
  4337 | D:4      | Reached skill level 5 in Spellcasting
  4410 | D:4      | Found a burning altar of Makhleb.
  4412 | D:4      | Found a glowing silver altar of Zin.
  4412 | D:4      | Noticed an angel
  4413 | D:4      | Noticed a green death
  4561 | D:4      | Reached XP level 7. HP: 41/41 MP: 9/15
  5063 | D:4      | Got a faintly glowing shield
  5069 | D:4      | Identified the +3 shield of Prudence {rF+ Dex+7} (You found it on level 4 of the Dungeon)
  5101 | D:4      | Reached skill level 1 in Shields
  5445 | D:4      | Reached skill level 2 in Shields
  5532 | D:4      | Found a snail-covered altar of Cheibriados.
  5705 | D:4      | Found a sparkling altar of Nemelex Xobeh.
  5819 | D:4      | Reached skill level 3 in Shields
  5948 | D:5      | Entered Level 5 of the Dungeon
  6009 | D:5      | Reached skill level 4 in Shields
  6075 | D:5      | Learned a level 5 spell: Iskenderun's Battlesphere
  6177 | D:5      | Reached XP level 8. HP: 46/46 MP: 10/17
  6338 | D:5      | Reached skill level 5 in Shields
  6863 | D:5      | Found a staircase to the Ecumenical Temple.
  6874 | Temple   | Entered the Ecumenical Temple
  6961 | Temple   | Became a worshipper of Vehumet
  7335 | D:5      | Noticed Sigmund
  7340 | D:5      | Killed Sigmund
  7340 | D:5      | Reached skill level 6 in Shields
  7517 | D:5      | Noticed Crazy Yiuf
  7520 | D:5      | Killed Crazy Yiuf
  7704 | D:5      | Reached skill level 7 in Shields
  7959 | D:6      | Found a deep blue altar of Sif Muna.
  8209 | D:6      | Reached skill level 8 in Shields
  8209 | D:6      | Reached XP level 9. HP: 23/51 MP: 0/18
  8479 | D:6      | Slain by a spriggan

Skill      XL: |  1  2  3  4  5  6  7  8 |
---------------+-------------------------+-----
Conjurations   | 5 6 7 |  7.8
Spellcasting   | 3 4 5 |  5.5
Dodging        | 3 |  3.1
Shields        | 4 8 |  8.1
Fighting       | |  0.2
Stealth        | |  2.2

Action                   |  1- 3 |  4- 6 |  7- 9 || total
-------------------------+-------+-------+-------++-------
Melee: Unarmed           |     3 |       |       ||     3
       Whip              |       |       |    29 ||    29
 Cast: Magic Dart        |    71 |   136 |   162 ||   369
       Searing Ray       |     1 |    13 |    22 ||    36
       Iskenderun's Myst |       |       |    18 ||    18
  Use: Scroll            |       |       |     9 ||     9
  Eat: Chunk             |     2 |     9 |    12 ||    23
       Fruit             |       |       |     3 ||     3
Armor: Robe              |     1 |     9 |    14 ||    24
Dodge: Dodged            |     9 |    19 |    20 ||    48
Block: Shield            |       |       |    46 ||    46
